 Dungeon Crawl Stone Soup version 0.23.2-33-g5129a83184 (webtiles) character file.

Game seed: 8890200920103533075

5483 DildoBatman the Tainter (level 11, -2/70 HPs)
             Began as a Formicid Wizard on July 8, 2019.
             Was a Follower of Kikubaaqudgha.
             Slain by a meliai
             ... wielding a +2 war axe of chopping
              (3 damage)
             ... on level 9 of the Dungeon.
             The game lasted 00:34:50 (10358 turns).

DildoBatman the Tainter (Formicid Wizard)          Turns: 10358, Time: 00:34:50

Health: -2/70      AC:  7    Str: 11    XL:     11   Next: 0%
Magic:  2/20       EV: 15    Int: 22    God:    Kikubaaqudgha [*.....]
Gold:   518        SH:  3    Dex: 14    Spells: 10/22 levels left

rFire    . . .     SeeInvis +   a - +5 quarterstaff (drain)
rCold    . . .     Gourm    .   (no shield)
rNeg     . . .     Faith    .   N - +3 leather armour of the Tortoise {-Tele MR++ Dex+5}
rPois    +         Spirit   .   (helmet unavailable)
rElec    .         Reflect  +   (no cloak)
rCorr    .         Harm     .   (no gloves)
MR       +++..                  q - +0 pair of boots
Stlth    +++.......             n - +3 amulet of reflection
HPRegen  0.21/turn              k - ring of poison resistance
MPRegen  0.17/turn              w - +3 ring of evasion

@: very slightly contaminated
A: permanent stasis, dig shafts and tunnels, four strong arms, antennae 3, wild
magic 1, no potion heal 1
a: Dig, Shaft Self, Receive Corpses, Renounce Religion


You were on level 9 of the Dungeon.
You worshipped Kikubaaqudgha.
Kikubaaqudgha was aware of your devotion.
You were hungry.

You visited 2 branches of the dungeon, and saw 10 of its levels.

You collected 518 gold pieces.

Inventory:

Hand Weapons
 a - a +5 quarterstaff of draining (weapon)
 b - a +0 shortbow
Missiles
 e - 27 sling bullets
 f - 255 stones (quivered)
 l - 58 poisoned needles
 r - 155 arrows
 C - 4 tomahawks
 H - 2 throwing nets
 I - 7 javelins
 K - 32 bolts
Armour
 q - a +0 pair of boots (worn)
 N - the +3 leather armour of the Tortoise (worn) {-Tele MR++ Dex+5}
   (You found it on level 8 of the Dungeon)

   It affects your dexterity (+5).
   It affects your resistance to hostile enchantments.
   It prevents most forms of teleportation.
Magical Staves
 c - an uncursed staff of conjuration
 L - an uncursed staff of air
Jewellery
 j - an uncursed ring of resist corrosion
 k - a ring of poison resistance (left hand)
 n - a +3 amulet of reflection (around neck)
 w - a +3 ring of evasion (right hand)
 y - an uncursed ring of positive energy
 B - an uncursed ring of flight
Wands
 t - a wand of iceblast (22)
 J - a wand of flame (16)
Scrolls
 o - a scroll of magic mapping {unknown}
 u - 2 scrolls of fog
 x - 3 scrolls of remove curse
 z - a scroll of identify
 D - 3 scrolls of enchant armour {unknown}
 E - 3 scrolls of enchant weapon
 F - 2 scrolls of amnesia
 G - 2 scrolls of blinking {unknown}
 P - a scroll of fear {unknown}
 R - a scroll of immolation {unknown}
Potions
 d - 2 potions of flight
 g - a potion of brilliance {unknown}
 h - 2 potions of degeneration {unknown}
 i - 3 potions of ambrosia {unknown}
 m - 3 potions of heal wounds {unknown}
 p - a potion of cancellation
 s - a potion of curing
 A - a potion of invisibility {unknown}
 M - a potion of haste {unknown}
 Q - a potion of magic {unknown}
 S - a potion of lignification {unknown}
Comestibles
 v - 21 rations
 O - 4 chunks of flesh


   Skills:
 * Level 1.3 Fighting
   Level 1.1(2.1) Maces & Flails
 - Level 2.8(3.0) Staves
 * Level 1.3 Armour
 * Level 2.2 Dodging
 - Level 6.1 Stealth
 - Level 6.0 Spellcasting
 - Level 6.0 Conjurations
 * Level 2.3 Charms
   Level 1.0 Summonings
 * Level 5.5 Necromancy
   Level 0.8 Translocations
 - Level 4.0 Fire Magic
 - Level 4.1 Air Magic
 - Level 9.0 Poison Magic
 * Level 1.4 Evocations


You had 10 spell levels left.
You knew the following spells:

 Your Spells              Type           Power        Failure   Level  Hunger
a - Conjure Flame         Conj/Fire      #####...     8%          3    #......
c - Magic Dart            Conj           ####         2%          1    None
d - Regeneration          Chrm/Necr      ####......   11%         3    #......
e - Mephitic Cloud        Conj/Pois/Air  #####...     4%          3    #......
z - Sublimation of Blood  Necr           #####.....   3%          2    None

Your spell library contained the following spells:

 Spells                   Type           Power        Failure   Level  Hunger
 Pain                     Necr           ####         2%          1    None
 Corpse Rot               Necr           N/A          3%          2    None
 Confusing Touch          Hex            #.....       17%         1    None
 Call Imp                 Summ           ##......     17%         2    None
 Slow                     Hex            #.......     26%         2    None
 Gell's Gravitas          Tloc           ##........   34%         3    #......
 Confuse                  Hex            #.......     43%         3    #......
 Petrify                  Tmut/Erth      #.......     82%         4    ###....
 Metabolic Englaciation   Hex/Ice        #.........   98%         5    #####..
 Yara's Violent Unravell  Hex/Tmut       #.........   98%         5    #####..
 Blink                    Tloc           Unusable     N/A         2    N/A

Dungeon Overview and Level Annotations

Branches:
Dungeon (9/15)             Temple (1/1) D:7            Lair (0/6) D:8
    Orc: D:9-12

Altars:
Ashenzari
Cheibriados
Dithmenos
Elyvilon
Fedhas
Gozag
Hepliaklqana
Kikubaaqudgha
Makhleb
Nemelex Xobeh
Okawaru
Qazlal
Ru
Sif Muna
Trog
Uskayaw
Vehumet
Wu Jian
Xom
Yredelemnul
Zin
The Shining One


Innate Abilities, Weirdness & Mutations

You cannot be hasted, slowed, berserked, paralysed or teleported.
You can dig through walls and to a lower floor.
Your four strong arms can wield two-handed weapons with a shield.
You have a pair of large antennae on your head. (SInv)
Your spells are a little harder to cast, but a little more powerful.
Potions are less effective at restoring your health.


Message History

The meliai stings you!
You closely miss the meliai.
The meliai is moderately wounded.
The meliai is engulfed in noxious fumes.
The meliai is engulfed in noxious fumes.
The meliai appears confused.
The meliai is engulfed in noxious fumes.
The meliai appears confused.
The meliai closely misses you. The meliai barely misses you.
You catch the helpless meliai completely off-guard!
You sock the meliai!
The meliai is severely wounded.
The meliai hits you with a +2 war axe of chopping!
You block the meliai's attack.
Your system partially rejects the healing.
You feel better.
The meliai hits you with a +2 war axe of chopping!
You die...
Kikubaaqudgha rasps: "You have failed me!
Welcome... death!"

......# #........#
#.......# ......#
#(.......# #.......#
......# #........#
#.y.....# ......#
........####.......#
......#
..........#........#
##..9.#
......°.#.)#.......#
.##...#
#.......§####.......#
8.#...# #.....°§.#
#.......# ..#...#
#......y@# #.......#
8.#...# #........#
#.......# .##...#
#........# #.......#
##....#
#........####.......#
......# #..........
........#
##....###........#
#.......#
.##..............#
#.......#
8.#..............#
#.......#
..#..####........#
#.......#


You could see a meliai (confused).

Vanquished Creatures
  Pikel (D:7)
  Joseph (D:7)
  A gargoyle (D:9)
  A komodo dragon (D:8)
  2 meliai (D:9)
  A wyvern (D:8)
  2 basilisks (D:8)
  A hungry ghost (D:8)
  Menkaure (D:7)
  A water moccasin (D:8)
  2 ice beasts
  3 orc warriors
  A sky beast (D:6)
  3 slaves (D:7)
  A hornet zombie (D:7)
  2 ogres
  3 phantoms
  A crocodile (D:8)
  2 centaurs
  3 bullfrogs
  2 big kobolds
  3 scorpions
  3 wights (D:8)
  3 crimson imps
  4 jellies
  5 hounds
  10 orc wizards
  A centaur skeleton (D:6)
  A bullfrog skeleton (D:8)
  2 orc priests
  4 worker ants
  3 iguanas
  Terence (D:3)
  A killer bee zombie (D:3)
  4 gnolls
  9 adders
  3 shadow imps (D:6)
  5 dart slugs
  4 leopard geckos
  23 orcs
  7 bats
  2 giant cockroaches
  5 goblins
  3 hobgoblins
  13 jackals
  6 quokkas
  2 ball pythons
  5 frilled lizards
  A jackal skeleton (D:9)
  11 kobolds
  A leopard gecko zombie (D:6)
  A quokka skeleton (D:8)
  7 rats
188 creatures vanquished.

Vanquished Creatures (others)
  A swamp drake (D:8)
  A worker ant (D:4)
2 creatures vanquished.

Grand Total: 190 creatures vanquished

Notes
Turn   | Place    | Note
-------+----------+-------------------------------------------
     0 | D:1      | DildoBatman the Formicid Wizard began the quest for the
                  | Orb.
     0 | D:1      | Reached XP level 1. HP: 13/13 MP: 4/4
    65 | D:1      | Reached skill level 1 in Conjurations
   235 | D:1      | Reached XP level 2. HP: 19/19 MP: 4/6
   540 | D:1      | Reached XP level 3. HP: 13/24 MP: 4/7
   545 | D:1      | Learned a level 3 spell: Conjure Flame
   549 | D:1      | Learned a level 3 spell: Mephitic Cloud
   765 | D:2      | Found a faded altar of an unknown god.
  1408 | D:2      | Reached XP level 4. HP: 21/30 MP: 0/8
  1961 | D:3      | Found a glowing golden altar of the Shining One.
  2000 | D:3      | Gained mutation: Potions are less effective at restoring
                  | your health. [potion of mutation]
  2000 | D:3      | Gained mutation: Your spells are a little harder to cast,
                  | but a little more powerful. [potion of mutation]
  2245 | D:3      | Noticed Terence
  2857 | D:4      | Reached XP level 5. HP: 35/35 MP: 3/9
  3726 | D:4      | Reached skill level 5 in Conjurations
  3726 | D:4      | Reached XP level 6. HP: 32/41 MP: 1/10
  4083 | D:4      | Reached skill level 1 in Poison Magic
  4355 | D:5      | Entered Level 5 of the Dungeon
  4404 | D:5      | Reached skill level 1 in Fire Magic
  4404 | D:5      | Reached XP level 7. HP: 46/46 MP: 7/11
  4662 | D:5      | Reached skill level 1 in Air Magic
  4754 | D:5      | Reached skill level 2 in Poison Magic
  5426 | D:6      | Reached skill level 3 in Poison Magic
  5426 | D:6      | Reached XP level 8. HP: 43/52 MP: 6/12
  6162 | D:6      | Reached skill level 4 in Poison Magic
  6325 | D:6      | Reached skill level 5 in Stealth
  6584 | D:6      | Reached skill level 5 in Poison Magic
  6584 | D:6      | Reached XP level 9. HP: 45/57 MP: 4/13
  6939 | D:7      | Noticed Menkaure
  6970 | D:7      | Identified the cursed +1 leather armour of Ehimaumo
                  | {Stlth+}
  7116 | D:7      | Got a brightly glowing scale mail
  7159 | D:7      | Found a shadowy altar of Dithmenos.
  7375 | D:7      | Found a staircase to the Ecumenical Temple.
  7382 | Temple   | Entered the Ecumenical Temple
  7529 | Temple   | Became a worshipper of Kikubaaqudgha
  7592 | D:7      | Identified the +1 scale mail "Tobbos" {rPois} (You found it
                  | on level 7 of the Dungeon)
  7680 | D:7      | Noticed Joseph
  7918 | D:7      | Killed Menkaure
  7929 | D:7      | Reached skill level 6 in Poison Magic
  8122 | D:6      | Reached skill level 7 in Poison Magic
  8245 | D:3      | Killed Terence
  8376 | D:7      | Noticed Pikel
  8392 | D:7      | Killed Pikel
  8392 | D:7      | Reached skill level 9 in Poison Magic
  8595 | D:7      | Killed Joseph
  8595 | D:7      | Reached skill level 1 in Maces & Flails
  8595 | D:7      | Reached skill level 1 in Necromancy
  8595 | D:7      | Reached XP level 10. HP: 51/63 MP: 2/15
  8733 | D:8      | Got a distressingly furry leather armour
  8744 | D:8      | Identified the +3 leather armour of the Tortoise {-Tele
                  | MR++ Dex+5} (You found it on level 8 of the Dungeon)
  8814 | D:8      | Reached skill level 1 in Staves
  8917 | D:8      | Noticed a komodo dragon
  8937 | D:8      | Killed a komodo dragon
  8937 | D:8      | Reached skill level 5 in Spellcasting
  9027 | D:8      | Found a staircase to the Lair.
  9172 | D:8      | Found a hazy altar of Hepliaklqana.
  9454 | D:8      | Reached * piety under Kikubaaqudgha
  9454 | D:8      | Identified Kikubaaqudgha's Disquisition on Stolen Souls
                  | (Kikubaaqudgha gifted it to you on level 8 of the Dungeon)
  9454 | D:8      | Received a gift from Kikubaaqudgha
  9462 | D:8      | Learned a level 3 spell: Regeneration
  9465 | D:8      | Learned a level 2 spell: Sublimation of Blood
  9761 | D:9      | Found an iron altar of Okawaru.
  9779 | D:9      | Reached skill level 1 in Charms
  9779 | D:9      | Reached skill level 5 in Necromancy
  9903 | D:9      | Noticed a gargoyle
  9966 | D:9      | Found a white marble altar of Elyvilon.
 10093 | D:9      | Found a white marble altar of Elyvilon.
 10096 | D:9      | Found a stormy altar of Qazlal.
 10099 | D:9      | Found a burning altar of Makhleb.
 10190 | D:9      | Killed a gargoyle
 10337 | D:9      | Reached skill level 1 in Fighting
 10337 | D:9      | Reached skill level 1 in Armour
 10337 | D:9      | Reached skill level 1 in Evocations
 10352 | D:9      | Reached XP level 11. HP: 31/70 MP: 4/20
 10358 | D:9      | HP: 1/70 [meliai/+2 war axe of chopping (11)]
 10358 | D:9      | Slain by a meliai

Skill      XL: |  1  2  3  4  5  6  7  8  9 10 |
---------------+-------------------------------+-----
Conjurations   | 1 2 3 4 5 6 |  6.0
Poison Magic   | 1 3 5 9 |  9.0
Stealth        | 3 4 5 6 |  6.1
Fire Magic     | 1 2 3 4 |  4.0
Air Magic      | 1 3 4 |  4.1
Maces & Flails | 1 |  1.1
Necromancy     | 1 5 |  5.5
Spellcasting   | 6 |  6.0
Staves         | 2 |  2.8
Charms         | 2 |  2.3
Dodging        | 2 |  2.2
Fighting       | 1 |  1.3
Armour         | 1 |  1.3
Evocations     | 1 |  1.4
Summonings     | |  1.0
Translocations | |  0.8

Action                   |  1- 3 |  4- 6 |  7- 9 | 10-12 || total
-------------------------+-------+-------+-------+-------++-------
Melee: Short sword       |    11 |   131 |   216 |       ||   358
       Whip              |       |       |    32 |       ||    32
       Quarterstaff      |       |       |    28 |   154 ||   182
 Fire: Shortbow          |       |       |    31 |    20 ||    51
 Cast: Magic Dart        |    58 |   107 |   102 |    68 ||   335
       Mephitic Cloud    |       |     9 |    40 |    16 ||    65
       Conjure Flame     |       |       |    18 |    11 ||    29
       Regeneration      |       |       |       |     2 ||     2
 Abil: Dig               |     1 |     5 |     9 |    12 ||    27
  Use: Potion            |       |     2 |       |     1 ||     3
       Scroll            |       |       |     7 |     1 ||     8
 Stab: Sleeping          |     2 |       |     1 |     1 ||     4
       Confused          |       |     6 |    24 |    11 ||    41
  Eat: Chunk             |     2 |     8 |    13 |     8 ||    31
       Ration            |       |     1 |     2 |       ||     3
Armor: Robe              |     6 |    22 |    21 |       ||    49
       Leather armour    |       |       |     4 |    23 ||    27
Dodge: Dodged            |    15 |   117 |   162 |    95 ||   389
Block: Other             |       |     2 |    32 |    14 ||    48
       Reflection        |       |       |     3 |       ||     3
